 Dungeon Crawl Stone Soup version 0.26-a0-658-gbdda728c12 (webtiles) character file.

Game seed: 3281321612369107415

80188 ringo67 the Brawler (level 15, -2/111 HPs)
             Began as an Octopode Transmuter on Oct 4, 2020.
             Was the Champion of Ru.
             Engulfed by a cloud of freezing vapour (37 damage)
             ... in an ice cave on Oct 5, 2020.
             The game lasted 01:32:58 (42025 turns).

ringo67 the Brawler (Octopode Transmuter)          Turns: 42025, Time: 01:32:58

Health: -2/111     AC:  2    Str: 14    XL:     15   Next: 66%
Magic:  16/18      EV: 35    Int: 17    God:    Ru [******]
Gold:   2346       SH:  5    Dex: 18    Spells: 4/18 levels left

rFire    x . .     SeeInvis .     - Unarmed
rCold    x . .     Faith    .   (shield currently unavailable)
rNeg     . . .     Spirit   .   (helmet currently unavailable)
rPois    x         Reflect  +   k - amulet of reflection
rElec    .         Harm     .   H - +4 ring of evasion
rCorr    .         Rampage  .   M - +4 ring of evasion
MR       +....                  (no ring)
Stlth    ..........             (no ring)
HPRegen  0.28/turn              (no ring)
MPRegen  0.16/turn              (no ring)
                                (no ring)
                                (no ring)

@: spider-form
A: tiny, almost no armour, stealthy swim, (amphibious), 8 rings, (constrict 8),
no stealth, hated by all, no conjurations magic, no hexes magic, no ice magic,
reduced EV 1, temperature sensitive
a: End Transformation, Draw Out Power, Power Leap, Apocalypse, Renounce Religion


You were in an ice cave.
You worshipped Ru.
Ru was exalted by your worship.
You were a venomous arachnid creature.
You visited 4 branches of the dungeon, and saw 23 of its levels.
You also visited: Bailey and Ice Cave.

You collected 2392 gold pieces.
You spent 46 gold pieces at shops.

Inventory:

Hand Weapons
 J - the +5 falchion "Luhuen" {vorpal, Str+2 SInv, unknown}
   (You found it on level 2 of the Lair of Beasts)

   It inflicts extra damage upon your enemies.
   It affects your strength (+2).
   It lets you see invisible.
Missiles
 m - 48 poisoned darts
 q - 7 javelins (quivered)
 t - 6 silver javelins
Armour
 D - a +1 kite shield of positive energy
 L - a +2 buckler of poison resistance
Jewellery
 k - an amulet of reflection (around neck)
 x - an uncursed ring of fire
 H - a +4 ring of evasion (left front leg)
 M - a +4 ring of evasion (right front leg)
Wands
 h - a wand of iceblast (6)
 n - a wand of flame (52)
 p - a wand of polymorph (19)
 u - a wand of random effects (18)
 w - a wand of paralysis (12)
 A - a wand of digging (6)
 B - a wand of disintegration (10)
 F - a wand of acid (5)
Scrolls
 a - 2 scrolls of blinking
 b - 6 scrolls of magic mapping
 d - 4 scrolls of amnesia
 g - a scroll of fear
 i - 7 scrolls of remove curse
 r - 3 scrolls of identify
 v - 2 scrolls of fog
 y - 4 scrolls of enchant armour
 G - 3 scrolls of teleportation
 K - a scroll of enchant weapon
Potions
 c - 4 potions of might
 e - a potion of berserk rage
 f - 10 potions of curing
 j - 4 potions of lignification
 l - 4 potions of stabbing
 o - a potion of heal wounds
 s - 2 potions of haste
 z - 2 potions of mutation
 C - 3 potions of brilliance
 E - a potion of magic
 I - a potion of invisibility


   Skills:
 - Level 13.6 Fighting
 - Level 11.7 Dodging
 - Level 15.7 Unarmed Combat
 - Level 2.0 Spellcasting
 + Level 11.4 Transmutations
 + Level 5.5 Earth Magic
 - Level 1.0 Poison Magic


You had 4 spell levels left.
You knew the following spells:

 Your Spells              Type           Power        Failure   Level
a - Spider Form           Tmut/Pois      ###.......   14%         3
b - Beastly Appendage     Tmut           #####.       2%          1
c - Ice Form              Ice/Tmut       ###.....     38%         4
d - Statue Form           Tmut/Erth      ####.....    85%         6

Your spell library contained the following spells:

 Spells                   Type           Power        Failure   Level
 Wereblood                Tmut           #####...     2%          2
 Sting                    Tmut/Pois      ###.         7%          1
 Ignite Poison            Fire/Tmut/Pois ###.....     26%         3
 Pain                     Necr           #...         38%         1
 Poisonous Vapours        Pois/Air       #.....       45%         2
 Vampiric Draining        Necr           #.........   71%         3
 Olgreb's Toxic Radiance  Pois           #.......     90%         4
 Blade Hands              Tmut           #####.....   14%         5
 Hydra Form               Tmut           #####.....   50%         6
 Dragon Form              Tmut           #####.....   94%         7
 Agony                    Necr           #.......     100%        5
 Animate Skeleton         Necr           Unusable     N/A         1
 Corona                   Hex            Unusable     N/A         1
 Ensorcelled Hibernation  Hex/Ice        Unusable     N/A         2
 Mephitic Cloud           Conj/Pois/Air  Unusable     N/A         3
 Confusing Touch          Hex            Unusable     N/A         3
 Dazzling Flash           Conj/Hex       Unusable     N/A         3
 Tukima's Dance           Hex            Unusable     N/A         3
 Animate Dead             Necr           Unusable     N/A         4
 Irradiate                Conj/Tmut      Unusable     N/A         5

Dungeon Overview and Level Annotations

Branches:
Dungeon (14/15)            Temple (1/1) D:5            Lair (6/6) D:11
  Swamp (0/4) Lair:2        Snake (0/4) Lair:4        Slime (0/5) Lair:6
    Orc (2/2) D:9             Elf (0/3) Orc:2        Bailey (visited)
  IceCv (1/1)
 Vaults: D:13-14

Altars:
Ashenzari
Cheibriados
Dithmenos
Fedhas
Gozag
Hepliaklqana
Kikubaaqudgha
Makhleb
Nemelex Xobeh
Ru
Sif Muna
Trog
Uskayaw
Wu Jian
Xom
Yredelemnul
Zin

Shops:
D:12 *   Orc:1 :*!*?   Orc:2 (*!}([:?

Annotations:
D:4 Grinder
D:14 Azrael
Lair:6 exclusion: oklob plant IceCv 1 exclusion


Innate Abilities, Weirdness & Mutations

You cannot wear most types of armour.
You are very stealthy in the water. (Stealth+)
((You are amphibious.))
You can wear up to eight rings at the same time.
((You can use your tentacles to constrict eight enemies at once.))
((Your skin changes colour to match your surroundings (Stealth+).))
((Your rubbery body absorbs attacks. (AC +1, EV +1)))
You cannot be stealthy.
You are hated by all.
You cannot study or cast Conjurations magic.
You cannot study or cast Hexes magic.
You cannot study or cast Ice magic.
You have somewhat slow reflexes. (EV -5)
You are sensitive to extremes of temperature. (rF-, rC-)


Message History

A wolf comes into view.
A wolf is nearby!
Casting: Spider Form (mildly dangerous; 4% risk of failure)
Confirm with . or Enter, or press ? or * to list all spells.
You turn into a venomous arachnid creature.
The wolf howls!
The wolf misses you.
You maul the wolf!!
The wolf is poisoned.
The wolf is severely wounded.
The wolf misses you.
You maul the wolf!!
You kill the wolf!
No target in view!
Unknown command.
You start resting.
You are engulfed in freezing vapours.
You're standing in a cloud of freezing vapour!
You're standing in a cloud of freezing vapour!
You are engulfed in freezing vapours.
You die...

##.....##[##
##......#○#
####..#.☼#
##.##§#
####§# #§##
##☼# ##§§#
#☼s## #..#
..##. #.. ##
##. #


There were no monsters in sight!

Vanquished Creatures
  An orc warlord (Orc:1)
  A dire elephant (Lair:6)
  5 hydras
  A boulder beetle (D:12)
  A merfolk avatar (Lair:6)
  A centaur warrior (D:13)
  9 two-headed ogres
  2 ogre magi (Orc:2)
  6 tengu warriors (D:13)
  Urug (Lair:4)
  A sea snake (Lair:6)
  2 deep trolls (Orc:2)
  2 orc knights
  Pikel (D:5)
  6 harpies
  A lindwurm (Lair:2)
  A deep elf mage (D:13)
  3 oklob plants (Lair:6)
  An orc sorcerer (Orc:2)
  4 cyclopes
  An ugly thing (D:12)
  8 elephants
  A manticore (D:12)
  A centaur zombie (D:11)
  6 black mambas
  2 ice statues
  16 cane toads
  A gargoyle (D:11)
  6 rime drakes
  13 komodo dragons
  8 polar bears
  11 trolls
  Prince Ribbit (Lair:1)
  A meliai zombie (D:11)
  3 slime creatures (D:12)
  20 blink frogs
  Sigmund (D:2)
  A vampire (D:11)
  5 wyverns
  A wraith (D:13)
  51 yaks
  4 basilisks
  3 vampire mosquitoes (D:13)
  3 nagas (Lair:4)
  8 wargs
  13 water moccasins
  An acid dragon (D:12)
  17 orc warriors
  13 ice beasts
  5 black bears
  A sky beast (D:10)
  An eye of draining (D:12)
  27 ogres
  4 phantoms
  A necrophage (D:10)
  18 wolves
  A centaur (D:7)
  4 big kobolds
  2 lemures (D:5)
  Blork the orc (D:6)
  26 bullfrogs
  A gnoll sergeant (D:10)
  A wyvern zombie (D:10)
  4 scorpions
  2 wyvern skeletons
  24 killer bees
  3 electric eels (Lair:2)
  3 howler monkeys
  A bullfrog zombie (D:11)
  A crimson imp (D:12)
  A jelly (D:7)
  A gnoll shaman (D:4)
  14 orc priests
  6 hounds
  25 orc wizards
  2 bullfrog skeletons (D:4)
  5 centaur skeletons
  Ijyb (D:3)
  3 iguanas
  Natasha (thrice) (D:4)
  6 worker ants
  3 hound zombies
  A hound skeleton (D:8)
  Robin (D:2)
  14 gnolls
  11 adders
  4 white imps
  An ufetubus (D:9)
  2 oozes
  2 adder zombies (D:6)
  2 adder skeletons
  5 worms
  2 dart slugs
  3 leopard geckos
  74 orcs
  2 ball pythons
  4 giant cockroaches
  11 goblins
  9 hobgoblins
  9 jackals
  4 quokkas
  A ball python skeleton (D:5)
  4 bats
  3 frilled lizards
  17 kobolds
  A quokka skeleton (D:5)
  A quokka zombie (D:6)
  9 rats
668 creatures vanquished.

Vanquished Creatures (others)
  A stone giant (Orc:1)
  2 hydras
  An ugly thing (D:13)
  Joseph (D:7)
  A hornet (Lair:6)
  2 yaks (IceCv)
  A warg (Orc:1)
  A water moccasin (Lair:6)
  An orc warrior (Orc:2)
  A wolf (IceCv)
  A bullfrog zombie (D:8)
  An orc (Orc:2)
  A kobold (D:10)
  A bush (Lair:6)
  32 fungi
  109 plants
  4 toadstools (D:14)
161 creatures vanquished.

Grand Total: 829 creatures vanquished

Notes
Turn   | Place    | Note
-------+----------+-------------------------------------------
     0 | D:1      | ringo67 the Octopode Transmuter began the quest for the
                  | Orb.
     0 | D:1      | Reached XP level 1. HP: 13/13 MP: 3/3
   655 | D:1      | Reached XP level 2. HP: 18/18 MP: 5/5
   815 | D:2      | Noticed Sigmund
   843 | D:2      | Killed Sigmund
   843 | D:2      | Reached skill level 4 in Unarmed Combat
   843 | D:2      | Reached XP level 3. HP: 11/25 MP: 4/6
   843 | D:2      | Reached XP level 4. HP: 14/30 MP: 4/7
   843 | D:2      | Reached XP level 5. HP: 16/35 MP: 4/8
  1051 | D:2      | Noticed Robin
  1072 | D:2      | Killed Robin
  1559 | D:3      | Reached skill level 5 in Unarmed Combat
  1623 | D:3      | Reached XP level 6. HP: 41/41 MP: 7/9
  2456 | D:3      | Noticed Ijyb
  2471 | D:3      | Learned a level 3 spell: Spider Form
  2503 | D:3      | Killed Ijyb
  3071 | D:4      | Noticed Natasha
  3214 | D:4      | Killed Natasha
  3214 | D:4      | Reached skill level 1 in Poison Magic
  3214 | D:4      | Reached XP level 7. HP: 46/46 MP: 6/10
  3238 | D:4      | Reached skill level 6 in Unarmed Combat
  3579 | D:4      | Noticed Natasha
  3583 | D:4      | Killed Natasha
  3626 | D:4      | Noticed Natasha
  3977 | D:4      | Killed Natasha
  4162 | D:4      | Noticed Grinder
  4165 | D:4      | Paralysed by Grinder for 2 turns
  4170 | D:5      | Entered Level 5 of the Dungeon
  4606 | D:5      | Learned a level 4 spell: Ice Form
  4625 | D:5      | Found a staircase to the Ecumenical Temple.
  4638 | Temple   | Entered the Ecumenical Temple
  4765 | Temple   | Became a worshipper of Ru the Awakened
  4828 | D:5      | Reached skill level 1 in Ice Magic
  4828 | D:5      | Reached XP level 8. HP: 39/54 MP: 11/11
  5137 | D:5      | Noticed Pikel
  5294 | D:5      | Reached skill level 7 in Unarmed Combat
  5867 | D:5      | Killed Pikel
  5867 | D:5      | Reached skill level 5 in Fighting
  5867 | D:5      | Reached skill level 5 in Transmutations
  6184 | D:6      | Reached skill level 8 in Unarmed Combat
  6192 | D:6      | Reached XP level 9. HP: 61/61 MP: 9/12
  6417 | D:6      | Noticed Blork the orc
  6434 | D:6      | Killed Blork the orc
  6598 | D:6      | Gained mutation: You are sensitive to extremes of
                  | temperature. (rF-, rC-) [Ru sacrifice]
  6598 | D:6      | Reached * piety under Ru
  6598 | D:6      | Reached ** piety under Ru
  7083 | D:7      | Found a flagged portal.
  7092 | Bailey   | Entered a bailey
  7092 | Bailey   | Noticed an orc knight
  7498 | D:7      | Noticed Joseph
  8091 | D:7      | Reached skill level 9 in Unarmed Combat
  8296 | D:7      | Killed Joseph
  8447 | D:8      | Reached XP level 10. HP: 54/69 MP: 8/13
  8820 | D:8      | Reached skill level 10 in Unarmed Combat
 10322 | D:8      | Gained mutation: You are hated by all. [Ru sacrifice]
 10322 | D:8      | Reached *** piety under Ru
 10322 | D:8      | Reached **** piety under Ru
 10323 | D:8      | Noticed a two-headed ogre
 10337 | D:8      | Killed a two-headed ogre
 10888 | D:8      | Found a burning altar of Makhleb.
 11114 | D:9      | Noticed an ice statue
 11311 | D:9      | Reached skill level 11 in Unarmed Combat
 11462 | D:9      | Killed an ice statue
 11979 | D:9      | Found a staircase to the Orcish Mines.
 12121 | D:10     | Entered Level 10 of the Dungeon
 12482 | D:10     | Reached XP level 11. HP: 67/77 MP: 7/14
 12757 | D:10     | Gained mutation: You have somewhat slow reflexes. (EV -5)
                  | [Ru sacrifice]
 12757 | D:10     | Reached ***** piety under Ru
 13250 | Orc:1    | Entered Level 1 of the Orcish Mines
 13744 | Orc:1    | Found Wiapalot's Book Shoppe.
 14040 | Orc:1    | Noticed an orc knight
 14295 | D:8      | Reached skill level 12 in Unarmed Combat
 14453 | D:9      | Killed an orc knight
 14612 | Orc:1    | Found Rueju's Assorted Antiques.
 14629 | Orc:1    | Noticed a stone giant
 14887 | D:11     | Noticed a cyclops
 15058 | D:11     | Killed a cyclops
 16428 | D:11     | Found a staircase to the Lair.
 16437 | Lair:1   | Entered Level 1 of the Lair of Beasts
 16508 | Lair:1   | Reached skill level 5 in Dodging
 16723 | Lair:1   | Reached XP level 12. HP: 86/86 MP: 10/15
 16859 | Lair:1   | Noticed Prince Ribbit
 16883 | Lair:1   | Killed Prince Ribbit
 17220 | Lair:1   | Gained mutation: You cannot be stealthy. [Ru sacrifice]
 18434 | Lair:2   | Reached skill level 13 in Unarmed Combat
 18452 | Lair:2   | Reached skill level 10 in Fighting
 18515 | Lair:2   | Found a staircase to the Swamp.
 20392 | Lair:2   | Noticed a five-headed hydra
 20399 | Lair:2   | Killed a five-headed hydra
 20436 | Lair:2   | Got a polished falchion
 21080 | Lair:3   | Reached XP level 13. HP: 90/94 MP: 11/16
 22810 | Lair:4   | Noticed Urug
 22973 | Lair:4   | Killed Urug
 22973 | Lair:4   | Reached skill level 14 in Unarmed Combat
 23863 | Lair:4   | Found a staircase to the Snake Pit.
 26235 | Lair:6   | Entered Level 6 of the Lair of Beasts
 27231 | Lair:6   | Noticed a dire elephant
 27288 | Lair:6   | Killed a dire elephant
 27288 | Lair:6   | Reached skill level 10 in Dodging
 27288 | Lair:6   | Reached XP level 14. HP: 35/103 MP: 12/17
 28927 | Lair:6   | Found a staircase to the Slime Pits.
 30526 | Lair:6   | Reached skill level 15 in Unarmed Combat
 30938 | Lair:6   | Reached skill level 10 in Transmutations
 31507 | Orc:1    | Killed a stone giant
 31779 | Orc:1    | Found Jumynun's Distillery.
 31782 | Orc:1    | Found Tosaant's Assorted Antiques.
 31788 | Orc:1    | Found Wegevura's Magic Scroll Emporium.
 31873 | Orc:1    | Bought a scroll labeled ELUORH QIACUCW for 23 gold pieces
 32093 | Orc:1    | Bought a scroll labeled TANISOXIGG for 23 gold pieces
 32578 | Orc:2    | Entered Level 2 of the Orcish Mines
 32578 | Orc:2    | Found Ekliets's Antique Weapon Emporium.
 32578 | Orc:2    | Found Kicarah's General Store.
 32666 | Orc:2    | Found Ekiz's Magic Scroll Shoppe.
 32708 | Orc:2    | Found a bloodstained altar of Trog.
 32709 | Orc:2    | Found Cihydirph's Weapon Shop.
 32727 | Orc:2    | Found a staircase to the Elven Halls.
 33374 | Orc:2    | Noticed an orc warlord
 33412 | Orc:1    | Killed an orc warlord
 33740 | Orc:2    | HP: 5/124 [orc sorcerer/bolt of fire[an orc warlord] (51)]
 35331 | Orc:2    | Reached XP level 15. HP: 102/111 MP: 18/18
 35548 | Orc:2    | Found Vadig's Distillery.
 35549 | Orc:2    | Found Niakh's Gadget Emporium.
 35559 | Orc:2    | Found Futoas's Armour Boutique.
 35591 | Orc:2    | Found Odeyloas's Book Shoppe.
 36451 | D:12     | Found Asuh's General Store.
 38411 | D:12     | Gained mutation: You cannot study or cast Ice magic. [Ru
                  | sacrifice]
 38411 | D:12     | Gained mutation: You cannot study or cast Hexes magic. [Ru
                  | sacrifice]
 38411 | D:12     | Gained mutation: You cannot study or cast Conjurations
                  | magic. [Ru sacrifice]
 38411 | D:12     | Reached ****** piety under Ru
 38988 | D:12     | Learned a level 6 spell: Statue Form
 39278 | D:13     | Reached skill level 1 in Earth Magic
 41249 | D:14     | Noticed Azrael
 41298 | D:14     | Found a frozen archway.
 41341 | IceCv    | Entered an ice cave
 41346 | IceCv    | Reached skill level 5 in Earth Magic
 42025 | IceCv    | Engulfed by a cloud of freezing vapour

Illustrated notes

Levels and vault maps discovered:
D:1:      matt_arrival_grand_opening, layout_loops_ring
D:2:      layout_rooms, uniq_sigmund, uniq_robin
D:3:      layout_rooms, kennysheep_cluttered_room, uniq_ijyb
D:4:      cheibrodos_pilgrimage, layout_basic, lemuel_another_geyser,
          uniq_natasha, uniq_grinder
D:5:      layout_loops_ring, minmay_temple_entry_tees, uniq_pikel
D:6:      layout_loops_ring, lightli_corner_chamber, uniq_blork_the_orc
D:7:      layout_basic, enter_bailey_2, uniq_joseph
D:8:      layout_loops_ring, nicolae_overflow_hidden_temple
D:9:      minmay_statue_hallways, layout_cave_pods, orc_0_dummy
D:10:     layout_gridville
D:11:     layout_rooms, grunt_lair_entry_orc_guard_hut
D:12:     layout_loops_corners, serial_shops, nicolae_shop_statue_plus,
          minmay_fire_ice_demons
D:13:     layout_basic, hangedman_aviary
D:14:     layout_long_grid, hangedman_vaults_entry_quadrant_bands,
          portal_ice_cave_entry_ice_beasts, kennysheep_cross_bottleneck,
          minmay_gold_behind_fungi, uniq_azrael
Temple:   kilobyte_greek_temple
Lair:1:   layout_cellular_growth, uniq_prince_ribbit2
Lair:2:   cheibrodos_lair_overgrown_chateau, layout_misc_corridors,
          minmay_swamp_entry_eels, minivault_25
Lair:3:   layout_small_grid, eino_small_chamber_without_monster
Lair:4:   layout_long_grid, minmay_snake_entry_guardpost_small, st_stairs_5,
          lemuel_fruit_fields, uniq_urug
Lair:5:   layout_hall_layers, lemuel_fruit_fields, serial_bayou_shore_a,
          grunt_megastairs_4, infiniplex_staircase_pool, lemuel_fruit_fields
Lair:6:   gammafunk_lair_ancient_temple, layout_cave_pods,
          minmay_slime_entry_oklob_enclosed
Orc:1:    cheibrodos_orc_guarddog, layout_caves, serial_shops, shop, shop, shop,
          shop_fountains, shop
Orc:2:    st_orc_open, layout_diamond_mine, serial_shops,
          nicolae_shop_waterfront, nicolae_shop_stone, shop, shop,
          nicolae_orc_pool_cavern, bloody_trog
IceCv:    ice_cave_caverns_02

Skill      XL: |  1  2  3  4  5  6  7  8  9 10 11 12 13 14 15 |
---------------+----------------------------------------------+-----
Fighting       | 2 3 4 5 6 7 9 10 12 13 | 13.6
Unarmed Combat | 4 5 6 8 9 11 12 13 14 15 | 15.7
Transmutations | 3 4 5 6 8 9 10 11 | 11.4
Poison Magic   | 1 |  1.0
Ice Magic      | 1 3 4 0 |  0.0
Dodging        | 5 7 10 11 | 11.7
Earth Magic    | 5 |  5.5
Spellcasting   | |  2.0

Action                   |  1- 3 |  4- 6 |  7- 9 | 10-12 | 13-15 || total
-------------------------+-------+-------+-------+-------+-------++-------
Melee: Unarmed           |    29 |   162 |   271 |   614 |   895 ||  1971
       Constrict         |     6 |    52 |    18 |    29 |     4 ||   109
       Tentacles         |     6 |    24 |    21 |    27 |     8 ||    86
       Kick              |     4 |    20 |       |       |       ||    24
       Punch             |       |     7 |     5 |     8 |     3 ||    23
Throw: Javelin           |       |       |    14 |       |    17 ||    31
       Dart              |       |       |     2 |    64 |    36 ||   102
 Cast: Beastly Appendage |     2 |    13 |       |       |       ||    15
       Spider Form       |       |     1 |    16 |    12 |    24 ||    53
       Ice Form          |       |       |     5 |    51 |    77 ||   133
Invok: Sacrifice Resista |       |       |     1 |       |       ||     1
       Draw Out Power    |       |       |       |     1 |       ||     1
       Sacrifice Love    |       |       |       |     1 |       ||     1
       Apocalypse        |       |       |       |     2 |     2 ||     4
       Sacrifice Health  |       |       |       |     1 |       ||     1
       Sacrifice Stealth |       |       |       |     1 |       ||     1
       Reject Sacrifices |       |       |       |       |     1 ||     1
       Sacrifice Arcana  |       |       |       |       |     1 ||     1
  Use: Scroll            |       |       |    12 |    15 |     7 ||    34
       Potion            |       |       |       |     1 |     3 ||     4
 Stab: Sleeping          |     2 |     7 |     3 |     6 |       ||    18
       Distracted        |       |       |     1 |     4 |     2 ||     7
       Paralysed         |       |       |       |     3 |    11 ||    14
       Invisible         |       |       |       |       |    10 ||    10
Armor: Skin              |     1 |     5 |     6 |    63 |    69 ||   144
Dodge: Dodged            |    14 |    74 |   128 |   245 |   449 ||   910
Block: Other             |       |    20 |    28 |    96 |   127 ||   271
       Reflection        |       |     1 |     1 |     7 |     2 ||    11

Table legend: (Time is in decaauts)
 A = Elapsed time spent in this place.
 B = Non-inter-level travel time spent in this place.
 C = Inter-level travel time spent in this place.
 D = Time resting spent in this place.
 E = Time spent auto-exploring this place.
 F = Levels seen in this place.
 G = Mean time per level.
                   A        B        C        D        E       F      G
               +--------+--------+--------+--------+--------+-----+--------+
         Total |  41649 |  40812 |    837 |  21113 |  11004 |  25 | 1666.0 |
       Dungeon |  20814 |  20339 |    475 |   9132 |   7362 |  14 | 1486.7 |
        Temple |    159 |    128 |     31 |      0 |    120 |   1 |  159.0 |
          Lair |  14809 |  14562 |    247 |   8341 |   2873 |   6 | 2468.2 |
  Orcish Mines |   5190 |   5106 |     84 |   3193 |    649 |   2 | 2595.0 |
        Bailey |      7 |      7 |      0 |      0 |      0 |   1 |    7.0 |
      Ice Cave |    668 |    668 |      0 |    447 |      0 |   1 |  668.0 |
               +--------+--------+--------+--------+--------+-----+--------+

Top non-repeatable levels by time:
  Lair:6: 4767 daAuts
   Orc:1: 3291 daAuts
    D:12: 2636 daAuts
  Lair:2: 2514 daAuts
    D:13: 2224 daAuts
     D:8: 2193 daAuts
     D:9: 2059 daAuts
  Lair:3: 1952 daAuts
  Lair:1: 1921 daAuts
  Lair:5: 1903 daAuts
   Orc:2: 1898 daAuts
    D:10: 1837 daAuts
     D:5: 1810 daAuts
  Lair:4: 1750 daAuts
     D:7: 1750 daAuts
